 Dungeon Crawl Stone Soup version 0.29-a0-993-g4a18f31a58 (webtiles) character file.

Game seed: 11029220725790560586

475 vurker the Sneak (level 7, -2/36 HPs)
             Began as a Vine Stalker Enchanter on Aug 2, 2022.
             Splashed by a jelly's acid (5 damage)
             ... in a sewer.
             The game lasted 00:06:10 (4101 turns).

vurker the Sneak (Vine Stalker Enchanter)           Turns: 4101, Time: 00:06:11

Health: -2/36      AC: -12   Str: 12    XL:     7   Next: 10%
Magic:  0/11       EV: 12    Int: 15    God:
Gold:   182        SH:  0    Dex: 15    Spells: 10/10 levels left

rFire   . . .      SeeInvis .   h - +3 dagger
rCold   . . .      Faith    .   (no shield)
rNeg    . . .      Spirit   +   b - +0 robe
rPois   .          Reflect  .   (no helmet)
rElec   .          Harm     .   k - +0 cloak
rCorr   .          Rampage  .   (no gloves)
Will    .....                   o - +0 pair of boots
Stlth   ++........              (no amulet)
HPRegen 0.92/turn               (no ring)
MPRegen 0.12/turn               (no ring)

@: corroded, hasted, slow
A: fangs 2, regeneration 1, magic shield, antimagic bite, no potion heal 2
a: no special abilities


You were in a sewer.
You visited 1 branch of the dungeon, and saw 5 of its levels.
You also visited: Sewer.

You collected 182 gold pieces.

Inventory:

Hand Weapons
 h - a +3 dagger (weapon)
   (You found it on level 1 of the Dungeon)
 i - a +0 demon whip
   (You found it on level 1 of the Dungeon)
 p - a +0 short sword
   (You took it off a kobold on level 3 of the Dungeon)
Armour
 b - a +0 robe (worn)
 k - a +0 cloak (worn)
   (You found it on level 1 of the Dungeon)
 o - a +0 pair of boots (worn)
   (You found it on level 2 of the Dungeon)
 u - a +0 chain mail
   (You found it on level 4 of the Dungeon)
Wands
 t - a wand of roots (8)
   (You found it on level 3 of the Dungeon)
 x - a wand of acid (1)
   (You took it off a goblin on level 4 of the Dungeon)
Scrolls
 a - a scroll of poison {unknown}
 d - 4 scrolls of identify {unknown}
 g - a scroll of immolation {unknown}
 j - 2 scrolls of teleportation {unknown}
 l - 2 scrolls of fog {unknown}
 m - 4 scrolls of enchant weapon {unknown}
 n - a scroll of silence {unknown}
 r - 3 scrolls of enchant armour {unknown}
Potions
 c - 3 potions of invisibility
 e - a potion of magic {unknown}
 f - 2 potions of curing {unknown}
 q - 2 potions of heal wounds {unknown}
 s - 2 potions of might {unknown}
 v - a potion of degeneration {unknown}
 w - 2 potions of haste
 z - a potion of mutation {unknown}
 A - a potion of brilliance {unknown}


   Skills:
 + Level 3.0 Fighting
 * Level 4.6 Short Blades
 - Level 1.5 Dodging
 + Level 5.8 Stealth
 - Level 2.1 Spellcasting
 - Level 3.0 Hexes


You had 10 spell levels left.
You didn't know any spells.
Your spell library contained the following spells:

 Spells                   Type           Power      Damage    Failure   Level
 Ensorcelled Hibernation  Hex/Ice        12%        N/A       19%         2
 Confusing Touch          Hex            10%        N/A       19%         3
 Tukima's Dance           Hex            10%        N/A       19%         3
 Dazzling Flash           Conj/Hex       12%        N/A       34%         3
 Yara's Violent Unravell  Hex/Tmut       3%         3d4       97%         5
 Enfeeble                 Hex            5%         N/A       100%        7


Dungeon Overview and Level Annotations

Branches:
Dungeon (5/15)              Sewer (1/1)
 Temple: D:4-7

Altars:
Ru
Wu Jian


Innate Abilities, Weirdness & Mutations

You have extremely sharp teeth.
Your natural rate of healing is unusually fast.
When hurt, damage is shared between your health and your magic reserves.
Your bite disrupts and absorbs the magic of your enemies.
Potions cannot restore your health.


Message History

You completely miss the rat. You bite the rat. You drain its power.
You hit the rat.
You kill the rat!
No target in view!
A jelly comes into view.
A jelly is nearby!
A jelly is nearby!
You enter the shallow water.
Moving in this stuff is going to be slow.
A jelly comes into view.
Found a metallic golden potion.
Found a viscous altar of Jiyva.
You enter the shallow water.
Moving in this stuff is going to be slow.
The jelly quivers.
The jelly hits you but does no damage. x2
You hit the jelly. The acid corrodes you!
Your hands burn!
Your bite misses the jelly.
Your unstable footing causes you to fumble your attack.
The jelly misses you.
You hit the jelly. The acid corrodes you!
Your hands burn!
You bite the jelly. You drain its power.
You feel invigorated. The jelly misses you.
You hit the jelly.
Your hands burn!
You bite the jelly. You drain its power.
You feel invigorated.
The jelly quivers.
The jelly hits you.
You are splashed with acid!
The jelly hits you.
You are splashed with acid!
The jelly closely misses you.
Okay, then.
You enter the shallow water.
Moving in this stuff is going to be slow.
Aim: a jelly The roots erupt in riotous growth!
The jelly is unaffected.
The jelly is unaffected.
You hear an angry hiss.
The jelly hits you. The acid corrodes you!
You are splashed with acid!
* * * LOW HITPOINT WARNING * * *
The jelly misses you. The jelly hits you.
* * * LOW HITPOINT WARNING * * *
You are splashed with acid!
* * * LOW HITPOINT WARNING * * *
The jelly completely misses you.
Unknown command.
Okay, then.
There are monsters nearby!
You feel yourself speed up. The jelly hits you.
* * * LOW HITPOINT WARNING * * *
The acid corrodes you!
You are splashed with acid.
You die...

# ########## ## ##### .#
#~..## .## ...~# ~.###
#.~# ....## ##.~####
~~~.~####.~~~~~##
##.~..##~~~...~~####
##..~~~~~###~.†@J.##
##.~..~##.##..~J.~####
#~...##...#.†##.~~..#
##....~~.~##~~###..~...#
##.~...~.~##.~.#
#..~~._#
#.~.#~~..~~..∩##
#~....!#
~.~†##~~~#..~~##
#~.##### .~~# ##.~######
~.~# ### #~~~# ~~.#


You could see 2 jellies.

Vanquished Creatures
  A black bear (D:5)
  An ogre (D:3)
  A hound (D:4)
  An orc priest (D:4)
  2 iguanas (D:3)
  An orc wizard (D:4)
  3 adders
  An ufetubus (D:5)
  A worm (D:3)
  5 dart slugs
  14 orcs
  14 endoplasms
  7 giant cockroaches
  6 hobgoblins
  9 jackals
  3 quokkas
  10 ball pythons
  6 bats
  3 frilled lizards
  6 goblins
  5 kobolds
  12 rats
112 creatures vanquished.

Notes
Turn   | Place    | Note
-------+----------+-------------------------------------------
     0 | D:1      | vurker the Vine Stalker Enchanter began the quest for the
                  | Orb.
     0 | D:1      | Reached XP level 1. HP: 9/9 MP: 4/4
    98 | D:1      | Reached skill level 1 in Short Blades
   155 | D:1      | Reached XP level 2. HP: 7/14 MP: 1/6
   414 | D:1      | Found a faded altar of an unknown god.
   773 | D:1      | Reached skill level 4 in Stealth
   918 | D:1      | Reached skill level 1 in Fighting
   918 | D:1      | Reached XP level 3. HP: 17/18 MP: 7/7
  2300 | D:3      | Noticed an ogre
  2307 | D:3      | Gained mutation: Your natural rate of healing is unusually
                  | fast. [Vine Stalker growth]
  2307 | D:3      | Reached XP level 4. HP: 18/22 MP: 5/8
  2546 | D:3      | Found a sacrificial altar of Ru.
  2649 | D:3      | Reached XP level 5. HP: 26/26 MP: 9/9
  2711 | D:3      | Killed an ogre
  2712 | D:3      | Reached skill level 5 in Stealth
  3073 | D:4      | Reached XP level 6. HP: 30/30 MP: 10/10
  3345 | D:4      | Found an ornate altar of the Wu Jian Council.
  3729 | D:5      | Entered Level 5 of the Dungeon
  3809 | D:5      | Noticed a black bear
  3833 | D:5      | Killed a black bear
  3834 | D:5      | Reached XP level 7. HP: 10/35 MP: 3/11
  3932 | D:5      | Found a glowing drain.
  3944 | Sewer    | Entered a sewer
  4088 | Sewer    | Found a viscous altar of Jiyva.
  4101 | Sewer    | Splashed by a jelly's acid

Illustrated notes

Levels and vault maps discovered:
D:1:      dpeg_arrival_rooms_with_view, layout_loops_ring,
          shapermc_ecumenical_altar_flowoftime, minivault_19,
          minmay_misc_feat_ornament
D:2:      layout_basic, grunt_decor_fettered
D:3:      layout_basic, mainiacjoe_overflow_small_starburst,
          nicolae_concentric_dashed_squares_mild
D:4:      layout_loops_ring, mainiacjoe_overflow_boulevard
D:5:      layout_rooms, gammafunk_temple_overflow_statue, gup_sewer_entry_pipe
Sewer:    sewer_hellmonk_slimy_pipes

Skill      XL: |  1  2  3  4  5  6  7 |
---------------+----------------------+-----
Short Blades   | 1 2 3 4 |  4.6
Stealth        | 4 5 |  5.8
Fighting       | 1 2 3 |  3.0
Dodging        | |  1.5
Spellcasting   | |  2.1
Hexes          | |  3.0

Action                   |  1- 3 |  4- 6 |  7- 9 || total
-------------------------+-------+-------+-------++-------
Melee: Dagger            |    90 |   129 |    62 ||   281
       Bite              |    10 |    29 |    17 ||    56
       Punch             |     1 |     2 |     1 ||     4
Evoke: Wand              |       |     2 |     1 ||     3
  Use: Scroll            |       |     1 |       ||     1
       Potion            |       |       |     1 ||     1
 Stab: Sleeping          |    15 |    11 |     3 ||    29
       Distracted        |       |     1 |     1 ||     2
Armor: Robe              |    22 |    27 |     9 ||    58
Dodge: Dodged            |    47 |    70 |    28 ||   145

Table legend: (Time is in decaauts)
 A = Elapsed time spent in this place.
 B = Non-inter-level travel time spent in this place.
 C = Inter-level travel time spent in this place.
 D = Time resting spent in this place.
 E = Time spent auto-exploring this place.
 F = Levels seen in this place.
 G = Mean time per level.
                   A        B        C        D        E       F      G
               +--------+--------+--------+--------+--------+-----+--------+
         Total |   4074 |   3878 |    196 |    100 |   2889 |   6 |  679.0 |
       Dungeon |   3912 |   3716 |    196 |    100 |   2852 |   5 |  782.4 |
         Sewer |    161 |    161 |      0 |      0 |     37 |   1 |  161.0 |
               +--------+--------+--------+--------+--------+-----+--------+

Top non-repeatable levels by time:
     D:1: 1214 daAuts
     D:2: 1148 daAuts
     D:4: 735 daAuts
     D:3: 603 daAuts
     D:5: 211 daAuts
   Sewer: 161 daAuts
